[Event "Late-Titled-Tuesday-Blitz-March-05-2024"]
[Site "Chess.com"]
[Date "2024.03.05"]
[Round "6"]
[White "stollenmonster"]
[Black "LikeWater"]
[Result "1-0"]
[WhiteElo "2878"]
[BlackElo "2696"]
[TimeControl "180+1"]
[EndTime "15:05:54 PST"]
[Termination "stollenmonster won by resignation"]

1. e4 c6 2. d4 d5 3. e5 Bf5 4.
Ne2 h5 5. Ng3 Bg6 6. e6 Qd6 7.
exf7+ Bxf7 8. Bd3 e5 9. Nf5 Qe6 10. dxe5 Qxe5+ 11. Be3 g6 12. Nd4 Bh6 13. Nf3 Qe7 14.
O-O Bxe3 15. Re1 Kf8 16. Rxe3 Qf6 17. Nc3 Nd7 18. h4 Re8 19. Qd2 Nh6 20. Ng5 Rxe3 21. Qxe3 d4 22. Qh3 dxc3 23. Qxd7 cxb2 24. Re1 Kg7 25.
Qxb7 Ng4 26. Rf1 Re8 27. Nxf7 Re7 28. Qb3 Rxf7 29. Bc4 Qxh4 30. Qc3+ Kh7 31. Qh3 Qxh3 32. gxh3 Nxf2 33. Bxf7 Nxh3+ 34. Kh2 Nf4 35. Rb1 Kg7 36. Bb3 Ne2 37. Rxb2 Nc3 38. Bc4 Kf6 39. Rb7 g5 40.
Rxa7 g4 41. Ra6 Kg5 42. Rxc6 h4 43. Rc5+ Kf4 44. Bf1 Ne4 45. Rc4 Ke3 46. Rxe4+ Kxe4 47. a4 1-0

[Event "Late-Titled-Tuesday-Blitz-March-05-2024"]
[Site "Chess.com"]
[Date "2024.03.05"]
[Round "6"]
[White "jk13"]
[Black "terrortoast"]
[Result "1/2-1/2"]
[WhiteElo "2645"]
[BlackElo "2520"]
[TimeControl "180+1"]
[EndTime "15:05:54 PST"]
[Termination "Game drawn by repetition"]

1. e4 c6 2. Nc3 d5 3. Nf3 Bg4 4. h3 Bxf3 5. Qxf3 e6 6. a3 Nf6 7. d3 Nbd7 8. g3 d4 9. Nb1 h5 10. Bg2 h4 11. g4 Bd6 12. Qe2 e5 13. Nd2 Nf8 14. Nc4 Bc7 15. g5 Nh5 16. Bf3 g6 17. Bg4 Qe7 18. Bd2 Ne6 19. Bb4 c5 20. Bxe6 fxe6 21. Bd2 b5 22. Na5 Bxa5 23. Bxa5 Qxg5 24. Bd2 Nf4 25. Qf1 Qh5 26. Bxf4 exf4 27. a4 b4 28. b3 Kd7 29. Rg1 Qf3 30. Rg4 Rhg8 31. Kd2 a5 32. Re1 Rab8 33. Qh1 Qxh1 34. Rxh1 Ke7 35.
Rxh4 e5 36. Rh7+ Kf6 37. Ke2 Rh8 38. Rc7 Rbc8 39. Ra7 Ra8 40. Rxa8 Rxa8 41. Kf3 Rh8 42. h4 Rh5 43. Kg4 Kg7 44. Rg1 Kf6 45. Rg2 Kg7 46.
Rh2 Kf6 47. Rh3 Kg7 48. Rh1 Kf6 49. Rg1 Kg7 50. Kh3 Kf6 51. Rg4 g5 52. f3 Kg6 53.
Rxg5+ Rxg5 54. hxg5 Kxg5 55. Kh2 Kh5 56. Kg2 Kg5 57.
Kh3 Kh5 58. Kh2 Kg5 59. Kh3 Kh5 60. Kh2 Kg5 61. Kh3 1/2-1/2

[Event "Late-Titled-Tuesday-Blitz-March-05-2024"]
[Site "Chess.com"]
[Date "2024.03.05"]
[Round "6"]
[White "SergioMoralesG"]
[Black "titomagno_64"]
[Result "0-1"]
[WhiteElo "2469"]
[BlackElo "2328"]
[TimeControl "180+1"]
[EndTime "15:05:55 PST"]
[Termination "titomagno_64 won on time"]

1. d4 Nf6 2. c4 g6 3. Nc3 d5 4. cxd5 Nxd5 5. Nf3 Bg7 6. e3 O-O 7. Bc4 Nxc3 8. bxc3 c5 9. O-O Nc6 10. h3 Bf5 11. Qe2 Qc7 12. e4 Bd7 13. Rd1 Rac8 14. Bd5 e6 15. Bb3 Na5 16. Ba3 Nxb3 17.
axb3 b6 18. Rac1 Rfd8 19. d5 exd5 20. exd5 Qf4 21. c4 Re8 22. Qd2 Qf5 23. Bb2 Bxb2 24. Qxb2 Qf4 25. Qd2 Qf6 26. Qc3 Qxc3 27. Rxc3 Re2 28.
Re3 Re8 29. Rxe8+ Rxe8 30. Re1 Rxe1+ 31. Nxe1 a5 32. Kf1 Kf8 33. Ke2 Ke7 34. Ke3 Bf5 35.
g4 Bb1 36. Nf3 f6 37. Kd2 Be4 38. Ne1 g5 39. f3 Bg6 40. Ng2 h5 41. Ne3 Kd6 42. Kc3 Ke5 43. Ng2 hxg4 44. hxg4 f5 45. Kd2 fxg4 46. fxg4 Be8 47. Ke3 Bd7 48. Kf3 Kd4 49.
Ne3 Kc3 50. d6 Kxb3 51. Ke4 a4 52. Nf1 a3 53. Nd2+ Kc2 0-1

[Event "Late-Titled-Tuesday-Blitz-March-05-2024"]
[Site "Chess.com"]
[Date "2024.03.05"]
[Round "6"]
[White "rionelG"]
[Black "Inepton_Fermion"]
[Result "0-1"]
[WhiteElo "2226"]
[BlackElo "2467"]
[TimeControl "180+1"]
[EndTime "15:05:56 PST"]
[Termination "Inepton_Fermion won by resignation"]

1. e4 c5 2. Nf3 e6 3. d4 cxd4 4.
Nxd4 Nc6 5. Nc3 Qc7 6. g3 a6 7. Bg2 Nge7 8. O-O Nxd4 9. Qxd4 Nc6 10. Qe3 Ne5 11. h3 b5 12. Kh2 h5 13. Qe2 Bb7 14. Bf4 Be7 15. a4 b4 16. Na2 h4 17. c3 a5 18.
cxb4 axb4 19. Rfc1 Qb8 20. Qb5 hxg3+ 21. fxg3 Ng4+ 22. Kh1 Nf2+ 23. Kh2 Ng4+ 24. Kh1 Qa7 25. Qe2 Nf2+ 26. Kh2 Ba6 27. Qf3 g5 28. Be3 Qxe3 29.
Qxe3 Ng4+ 30. Kg1 Nxe3 31. Rc7 Bd6 32. Rac1 Bxc7 33. Rxc7 Nxg2 34. Kxg2 Rb8 35. b3 Bd3 36. Nc1 Bxe4+ 37. Kf2 Ke7 38. Ke3 Bd5 39. Ne2 Rhc8 40. Ra7 Ra8 41. Rxa8 Rxa8 42. Nd4 Rc8 43. Kd3 Rc3+ 44.
Kd2 Rxg3 45. a5 Rxh3 46. a6 Bxb3 47. Nb5 Bd5 48. Nc7 Ra3 49. Kc2 Ra2+ 50. Kb1 b3 0-1

[Event "Late-Titled-Tuesday-Blitz-March-05-2024"]
[Site "Chess.com"]
[Date "2024.03.05"]
[Round "6"]
[White "Rutricks"]
[Black "KuzubovYuriy"]
[Result "1-0"]
[WhiteElo "2730"]
[BlackElo "2922"]
[TimeControl "180+1"]
[EndTime "15:05:59 PST"]
[Termination "Rutricks won by resignation"]

1. Nc3 d5 2. d4 Bf5 3. f3 Bg6 4. e4 dxe4 5. fxe4 e5 6. Be3 Bb4 7. Nf3 Nd7 8. dxe5 Ne7 9. e6 fxe6 10. Bc4 Nf8 11. Bd4 Rg8 12. Qd3 c5 13. Be3 Qxd3 14. cxd3 Nc6 15. a3 Ba5 16. Bxc5 O-O-O 17. b4 Bb6 18.
Bxb6 axb6 19. O-O-O Kd7 20. d4 Rc8 21. Bb5 Ke7 22. Kb2 Na7 23. Bd3 Nd7 24. Rhe1 Bh5 25. Be2 Rgf8 26. h3 Nc6 27. Nb5 Nf6 28. d5 Bxf3 29.
gxf3 Ne5 30. f4 Nc4+ 31. Bxc4 Rxc4 32. dxe6 Rxe4 33. Rxe4 Nxe4 34. Rd7+ Kxe6 35. Rxg7 Rxf4 36. Rxh7 Rf2+ 37. Kc1 Rh2 38. Rxb7 Kd5 39. Rxb6 Rxh3 40. Kb2 Kc4 41. Nd6+ Nxd6 42. Rxd6 Rh2+ 43. Kb1 Kb3 44.
Rd3+ Ka4 45. Rc3 Rg2 46. Rc2 Rg3 47. Ra2 Rg1+ 48. Kb2 Rg2+ 49. Kb1 Rg3 50. Rb2 Kxa3 51. b5 Rg7 52. b6 Rb7 53. Kc2 Ka4 54. Kc3 Ka5 55.
Kc4 Rb8 56. Kc5 Rc8+ 57. Kd6 Ka6 58. b7 Rb8 59. Kc7 1-0

[Event "Late-Titled-Tuesday-Blitz-March-05-2024"]
[Site "Chess.com"]
[Date "2024.03.05"]
[Round "6"]
[White "ShahMatKanal"]
[Black "finec2"]
[Result "0-1"]
[WhiteElo "2484"]
[BlackElo "2228"]
[TimeControl "180+1"]
[EndTime "15:05:59 PST"]
[Termination "finec2 won by checkmate"]

1. e4 c5 2. Nf3 e6 3. d4 cxd4 4. c3 d3 5. Bxd3 d6 6. c4 Nc6 7. Nc3 Nf6 8. O-O Be7 9. h3 O-O 10. Bf4 b6 11. Qe2 a6 12. Rac1 Bb7 13. Rfd1 Nd7 14.
Bb1 Qb8 15. h4 Nce5 16. h5 Nxf3+ 17. gxf3 Ne5 18. Kh2 Kh8 19. Rg1 Qc7 20. Nd1 Rac8 21. Ne3 Rg8 22. Ng4 f5 23. exf5 Nxf3+ 24. Kh3 Nxg1+ 25. Rxg1 e5 26. Be3 Bf6 27. b3 d5 28.
h6 dxc4 29. bxc4 Qxc4 30. Bd3 Qd5 31. hxg7+ Bxg7 32. f6 Bf8 33. Bf5 Re8 34. Kh2 e4 35.
Be6 Qxe6 36. Bd4 Bd6+ 37. Kh1 Qf7 38. Qe3 Rg6 39. Kg2 Reg8 40. Kf1 Rxg4 41. Rh1 R4g6 42. Qh3 Bc8 43. Qxh7+ Qxh7 44. f7+ R6g7 45. Rxh7+ Kxh7 46. fxg8=Q+ Rxg8 47.
Bxb6 Re8 48. Ke2 Bg4+ 49. Kd2 Bf3 50. Ke3 Be7 51. Bd4 Bg5# 0-1

[Event "Late-Titled-Tuesday-Blitz-March-05-2024"]
[Site "Chess.com"]
[Date "2024.03.05"]
[Round "6"]
[White "anasta10"]
[Black "carloseduar100"]
[Result "1-0"]
[WhiteElo "2517"]
[BlackElo "2355"]
[TimeControl "180+1"]
[EndTime "15:06:00 PST"]
[Termination "anasta10 won by checkmate"]

1. Nf3 Nf6 2. c4 g6 3. Nc3 Bg7 4. h4 O-O 5. e4 d6 6. d4 h5 7. Bg5 c5 8. d5 a6 9. a4 a5 10.
Be2 Na6 11. Qd2 Nb4 12. Rc1 Bg4 13. Ng1 Qd7 14. f3 Rfe8 15. Bxf6 exf6 16. fxg4 hxg4 17. h5 f5 18. Qg5 Qe7 19. Qxe7 Rxe7 20. hxg6 fxg6 21.
Kd2 Rae8 22. Rf1 Re5 23. Bd1 Kf7 24. Bxg4 Kf6 25. Nge2 Kg5 26. Bh3 fxe4 27. Nc1 e3+ 28. Ke2 Nc2 29. Nb3 b6 30. Be6 Rh8 31. Rxh8 Bxh8 32.
Rc1 Nb4 33. Rh1 Bf6 34. Rh3 Bg7 35. Rxe3 Rxe3+ 36. Kxe3 Nc2+ 37. Kd2 Nb4 38. Ne4+ Kh4 39. Nxd6 Kg3 40. Nc8 Bxb2 41. Nxb6 Kxg2 42. Nd7 Na6 43. Ndxc5 Nc7 44. Nd3 Bd4 45. Nxd4 g5 46. Bd7 g4 47. Bxg4 Ne8 48. c5 Nf6 49. Bf3+ Kf1 50. d6 Nd7 51. c6 Nb6 52. d7 Nc4+ 53. Kc3 Ne3 54. d8=Q Kg1 55. Qg5+ Kf1 56. Be2# 1-0

[Event "Late-Titled-Tuesday-Blitz-March-05-2024"]
[Site "Chess.com"]
[Date "2024.03.05"]
[Round "6"]
[White "LangesNasenhaar"]
[Black "jstopa4"]
[Result "1/2-1/2"]
[WhiteElo "2534"]
[BlackElo "2690"]
[TimeControl "180+1"]
[EndTime "15:06:02 PST"]
[Termination "Game drawn by stalemate"]

1. d4 Nf6 2. Nc3 c5 3. dxc5 Na6 4. e4 e5 5. Bxa6 bxa6 6. Nf3 Bxc5 7. Nxe5 O-O 8. O-O Re8 9. Nd3 Bd4 10. Bg5 Bxc3 11. bxc3 Rxe4 12. Qf3 d5 13. Rfe1 Rb8 14. Nc5 Rxe1+ 15.
Rxe1 Rb6 16. Bxf6 Rxf6 17. Qxd5 Rd6 18. Qxd6 Qxd6 19. Re8+ Qf8 20. Rxf8+ Kxf8 21. Kf1 Ke7 22. Ke2 Kd6 23. Nd3 Kd5 24. Ke3 f6 25. Nb4+ Kc4 26. Kd2 Bb7 27. g3 a5 28. Nd3 Bc6 29. Nf4 g6 30.
Ne6 Kd5 31. Nf8 Be8 32. Nxh7 Ke6 33. g4 g5 34. Ke3 Ke7 35. f4 Bg6 36. Nxg5 fxg5 37.
fxg5 a4 38. a3 Bxc2 39. h4 Bd1 40. Kf4 Kf7 41. h5 Ke6 42. g6 Kf6 43. g5+ Kg7 44. h6+ Kxg6 45. Ke5 Bb3 46. Kd6 Bc2 47. Ke5 Kxg5 48. c4 Kxh6 49. Kd4 Kg6 50. Kc3 Bd1 51. Kb2 Kf6 52. c5 Ke6 53. c6 Kd6 54. c7 Kxc7 55.
Ka1 Kc6 56. Kb2 Kc5 57. Ka1 Kc4 58. Kb2 Bb3 59. Ka1 Kc3 60. Kb1 Bc4 61. Ka1 Kb3 62. Kb1 Kxa3 63. Ka1 Kb4 64. Kb1 a5 65. Ka1 a3 66.
Kb1 a4 67. Ka1 Kb3 68. Kb1 Bb5 69. Ka1 Bc6 70. Kb1 Bd5 71. Ka1 a2 1/2-1/2

[Event "Late-Titled-Tuesday-Blitz-March-05-2024"]
[Site "Chess.com"]
[Date "2024.03.05"]
[Round "6"]
[White "Ajedrez_con_German"]
[Black "Nick12772"]
[Result "1/2-1/2"]
[WhiteElo "2572"]
[BlackElo "2403"]
[TimeControl "180+1"]
[EndTime "15:06:02 PST"]
[Termination "Game drawn by repetition"]

1. e4 e6 2. d4 d5 3. exd5 exd5 4. Nf3 Bd6 5. Bd3 Ne7 6. O-O O-O 7. h3 Bf5 8. c3 c6 9. Bg5 f6 10. Bh4 Nd7 11. Re1 Bxd3 12. Qxd3 Ng6 13. Bg3 Bxg3 14. fxg3 Qc7 15. g4 Rfe8 16. Nbd2 Qg3 17. Nf1 Qd6 18. g5 Nf4 19. Qd2 Ne6 20. gxf6 Nxf6 21. Ne5 Ne4 22.
Qe3 Nf8 23. Nd2 Nxd2 24. Qxd2 Nd7 25. Nxd7 Qxd7 26. Qf4 Rxe1+ 27. Rxe1 Re8 28. Re5 Rf8 29. Qe3 Qf7 30. Re7 Qf1+ 31. Kh2 Rf7 32. Re8+ Rf8 33. Qe6+ Kh8 34. Qe3 h6 35. Re7 Rf7 36. Re8+ Rf8 37. Re7 Rf7 38. Rxf7 Qxf7 39. Qe5 a6 40. Qb8+ Kh7 41.
Qg3 Kg8 42. a3 Kh7 43. Qd3+ Kg8 44. Qe2 Kh7 45. Qd3+ Kg8 46. Kg3 Qc7+ 47. Kf2 Qf4+ 48. Qf3 Qd2+ 49. Qe2 Qf4+ 50. Kg1 Qc1+ 51. Kh2 Qf4+ 52. g3 Qc1 53. Kg2 Kh7 54. Qd3+ Kh8 55. Qe2 Kh7 56. h4 Kh8 57. Qf2 Kh7 58. Kh3 Qh1+ 59. Kg4 Qe4+ 60. Kh3 Qh1+ 61. Qh2 Qe4 62. Qg2 Qf5+ 63. Kh2 Qd3 64. Qf2 Qe4 65. Qg2 Qd3 66. Kh3 Qf5+ 67. Kh2 Qd3 1/2-1/2

[Event "Late-Titled-Tuesday-Blitz-March-05-2024"]
[Site "Chess.com"]
[Date "2024.03.05"]
[Round "6"]
[White "Supelyel"]
[Black "WindWhistler11"]
[Result "1/2-1/2"]
[WhiteElo "2386"]
[BlackElo "2532"]
[TimeControl "180+1"]
[EndTime "15:06:03 PST"]
[Termination "Game drawn by repetition"]

1. c4 Nf6 2. g3 d6 3. Bg2 Nbd7 4. Nc3 e5 5. Nf3 Be7 6. O-O O-O 7. d3 c6 8. Bg5 Re8 9. Bxf6 Nxf6 10. Qc2 a6 11. Rab1 Bd7 12. b4 b5 13. a4 Rb8 14. cxb5 axb5 15. axb5 cxb5 16. d4 Qc7 17. Rfc1 Rec8 18. Qb3 Be6 19. Qb2 Bc4 20. dxe5 dxe5 21. Nd2 Ng4 22. Bh3 h5 23. Bxg4 hxg4 24. Nxb5 Qb6 25.
Rxc4 Qxb5 26. Rbc1 Rxc4 27. Nxc4 Bf6 28. Ne3 Bg5 29.
Rc3 e4 30. Nxg4 f5 31. Ne3 Bf6 32. Qb3+ Kh7 33. Rc4 Ra8 34. Kg2 Ra1 35. Qc2 f4 36. Qxe4+ Kh6 37. Qxf4+ Bg5 38. Qd6+ Kh7 39. Rc5 Qb7+ 40.
Qc6 Qe7 41. Ng4 Qxe2 42. Rxg5 Qf1+ 43. Kf3 Qh1+ 44. Kf4 Qxc6 45. Rh5+ Kg8 46. Ne5 Qf6+ 47. Rf5 Qd6 48. Kg4 Qxb4+ 49. f4 Qb1 50. Ng6 Qb7 51. Rf8+ Kh7 52. Kg5 Ra5+ 53. f5 Rxf5+ 54. Kxf5 Qd5+ 55.
Kg4 Kxg6 56. Rf4 Qe6+ 57. Kf3 Kh5 58. h4 g6 59. Kg2 Qe2+ 60. Kh3 Qe6+ 61. Kh2 Qe3 62. Kg2 Kh6 63. Rf2 Qe4+ 64. Kh2 Kh5 65. Rf4 Qe2+ 66. Kh3 Qd1 67. Kh2 Qe2+ 68. Kh3 1/2-1/2

[Event "Late-Titled-Tuesday-Blitz-March-05-2024"]
[Site "Chess.com"]
[Date "2024.03.05"]
[Round "6"]
[White "thesupera12"]
[Black "NCchamp"]
[Result "1/2-1/2"]
[WhiteElo "2487"]
[BlackElo "2336"]
[TimeControl "180+1"]
[EndTime "15:06:08 PST"]
[Termination "Game drawn by stalemate"]

1. d4 d5 2. Bg5 f6 3. Bc1 Bf5 4. c4 c6 5. cxd5 cxd5 6. Nc3 e6 7. Bf4 Qb6 8. Bxb8 Rxb8 9. Qa4+ Kf7 10. Qb5 Qxd4 11.
Nf3 Qb4 12. e3 Qxb5 13. Bxb5 a6 14. Be2 Bb4 15. Rc1 Ne7 16. O-O Rbc8 17. Nd4 h5 18.
a3 Bd6 19. Rfd1 Be5 20. Rd2 Bg6 21. Rcd1 Nc6 22. Nb3 Bxc3 23. bxc3 Ne5 24. Na5 b5 25. a4 bxa4 26. Nb7 Rxc3 27. Bxa6 Rb8 28. Ra1 Nc4 29.
Bxc4 dxc4 30. Nd6+ Kg8 31. h4 a3 32. Rda2 Rbb3 33.
Nc8 Bb1 34. Rxa3 Rxa3 35. Rxb1 Rab3 36. Ra1 Rc2 37. Nd6 c3 38. Ra8+ Kh7 39. Rc8 Rb1+ 40.
Kh2 Rxf2 41. Ne4 Rc2 42. Rc7 Kg6 43. Nc5 Rcc1 44. Nxe6 c2 45. Nf4+ Kf5 46. Nd3 Rh1+ 47. Kg3 c1=Q 48. Nxc1 Rbxc1 49. Rxg7 Rhf1 50. Ra7 Rc5 51. Re7 Re5 52. Rh7 Rxe3+ 53. Kh2 Kg4 54. Rg7+ Kxh4 55. Rg3 Rxg3 1/2-1/2

[Event "Late-Titled-Tuesday-Blitz-March-05-2024"]
[Site "Chess.com"]
[Date "2024.03.05"]
[Round "6"]
[White "ArtemDyachuk"]
[Black "jlf287"]
[Result "0-1"]
[WhiteElo "2674"]
[BlackElo "2538"]
[TimeControl "180+1"]
[EndTime "15:06:12 PST"]
[Termination "jlf287 won on time"]

1. e4 e5 2. Nf3 Nc6 3. Bb5 a6 4.
Ba4 Nf6 5. O-O Be7 6. d3 b5 7. Bb3 d6 8. a4 Bd7 9. Bd2 O-O 10. Nc3 Nd4 11. Nxd4 exd4 12. Ne2 c5 13. axb5 axb5 14.
Bg5 Be6 15. Nf4 Bxb3 16. cxb3 Rxa1 17. Qxa1 Ng4 18. Bxe7 Qxe7 19. h3 Nf6 20. Qa5 Qb7 21. Ra1 Rb8 22. Qa7 g6 23. Qxb7 Rxb7 24. Ra6 Ne8 25.
Nd5 f6 26. Kf1 Kf7 27. Ke2 b4 28. f4 h5 29. Kf3 Rd7 30. Ra8 Rb7 31. Ra6 Rd7 32. g4 hxg4+ 33. hxg4 Rb7 34. Ra8 Nc7 35. Rd8 Nxd5 36. exd5 Rb6 37. Rd7+ Kf8 38. Ke4 Ra6 39. Rc7 Ra2 40. Rd7 Ra6 41. f5 g5 42. Rc7 Ra2 43. Rc6 Ke7 44. Rc7+ Ke8 45. Rc6 Kd7 46. Rb6 Rxb2 47. Rb7+ Ke8 48. Kf3 Rxb3 49. Ke4 Rb1 50. Rb6 Kd7 51. Rb7+ Ke8 52. Rb8+ Ke7 53. Rb7+ Kd8 54.
Rb8+ Kc7 55. Rf8 b3 56. Rxf6 b2 57. Rf7+ Kc8 58. Rf8+ Kc7 59. f6 Rf1 0-1

[Event "Late-Titled-Tuesday-Blitz-March-05-2024"]
[Site "Chess.com"]
[Date "2024.03.05"]
[Round "6"]
[White "GMAkobianSTL"]
[Black "FairChess_on_YouTube"]
[Result "0-1"]
[WhiteElo "2812"]
[BlackElo "3093"]
[TimeControl "180+1"]
[EndTime "15:06:13 PST"]
[Termination "FairChess_on_YouTube won by checkmate"]

1. d4 Nf6 2. c4 d6 3. Nf3 g6 4. Nc3 Bf5 5. Bg5 Bg7 6. e3 Ne4 7.
Nxe4 Bxe4 8. Bd3 Bxd3 9. Qxd3 Nc6 10. O-O O-O 11. Rac1 h6 12. Bh4 Qd7 13. Rfd1 a5 14. b3 a4 15. Qc3 axb3 16. axb3 Ra2 17. Ra1 Rfa8 18. Rxa2 Rxa2 19. h3 Qf5 20. Ra1 e5 21. Rxa2 Qb1+ 22. Qe1 Qxa2 23. dxe5 Qxb3 24. exd6 cxd6 25. Qc1 d5 26. c5 Nb4 27. Be7 Nd3 28. Qd2 Qc4 29. Qa5 Qc1+ 30. Kh2 Nxf2 31. Qd8+ Kh7 32. Qxd5 Qxe3 33. Qxf7 Nd3 34. Bd6 Qe4 35. h4 Qf5 36. Qxb7 Nxc5 37. Bxc5 Qxc5 38. Qf7 Qd6+ 39. g3 Qc5 40. Kg2 Qb5 41. Qf4 Qd5 42. Kh3 Qe6+ 43. Kg2 Qe2+ 44. Kh3 Qf1+ 45. Kh2 Qf2+ 46. Kh3 Qf1+ 47.
Kh2 Qe2+ 48. Kh3 Qe6+ 49. Kg2 Qc6 50. g4 Qd5 51. Kg3 Kg8 52. g5 Bf8 53. Kg2 hxg5 54. Qxg5 Qe4 55. h5 Qe2+ 56. Kg3 Bd6+ 57. Kh4 Qf2+ 58.
Kg4 Qg3# 0-1

[Event "Late-Titled-Tuesday-Blitz-March-05-2024"]
[Site "Chess.com"]
[Date "2024.03.05"]
[Round "6"]
[White "Englishman_18"]
[Black "TheoSlade"]
[Result "0-1"]
[WhiteElo "2272"]
[BlackElo "2412"]
[TimeControl "180+1"]
[EndTime "15:06:14 PST"]
[Termination "TheoSlade won on time"]

1. f3 e5 2. g3 d5 3. Bg2 Nf6 4. b3 Bc5 5. e3 O-O 6. Ne2 Nc6 7. Bb2 Be6 8. O-O Qd7 9. Kh1 h5 10. d4 Bd6 11. dxe5 Nxe5 12. Nf4 h4 13. Nxe6 Qxe6 14. g4 Ng6 15. Qd2 Rfe8 16. Re1 Nf4 17. Nc3 Nxg2 18.
Kxg2 Qe5 19. f4 Qe6 20. h3 c6 21.
Qd3 Nxg4 22. hxg4 Qxg4+ 23. Kf2 Qg3+ 24. Ke2 Bxf4 25. Bc1 d4 26. Ne4 Qg2+ 27. Kd1 Qxe4 28. Qxe4 Rxe4 29. exf4 Rxe1+ 30. Kxe1 f6 31. Kf2 Kf7 32.
Bd2 c5 33. Rh1 Rh8 34. Kf3 f5 35. Rh3 Kf6 36. Be1 g5 37. fxg5+ Kxg5 38. Bd2+ Kf6 39. Bf4 b5 40. a4 bxa4 41. bxa4 c4 42. Bd6 Ke6 43.
Bc5 d3 44. cxd3 cxd3 45. Ke3 Kd5 46. Bd4 Re8+ 47. Kxd3 Re4 48. Bxa7 Rxa4 49. Kd2 Ra2+ 50.
Kc1 Rxa7 51. Rxh4 Ke5 52. Kd2 Ra3 53. Ke2 f4 54. Rh8 Ra2+ 55. Kf3 Ra3+ 56. Ke2 Kf5 0-1

[Event "Late-Titled-Tuesday-Blitz-March-05-2024"]
[Site "Chess.com"]
[Date "2024.03.05"]
[Round "6"]
[White "Tugrik1969"]
[Black "GlavkonVVS"]
[Result "0-1"]
[WhiteElo "2410"]
[BlackElo "2550"]
[TimeControl "180+1"]
[EndTime "15:06:15 PST"]
[Termination "GlavkonVVS won on time"]

1. d4 Nf6 2. c4 c5 3. d5 e6 4. Nc3 exd5 5. cxd5 d6 6. e4 g6 7. h3 Bg7 8. Nf3 O-O 9. Bd3 b5 10. Nxb5 Nxe4 11. O-O Ba6 12. Re1 Re8 13. Na3 Bxd3 14. Qxd3 Nf6 15. Bf4 Rxe1+ 16. Rxe1 Nbd7 17. Bxd6 Nb6 18.
Bxc5 Nfxd5 19. Nc4 Nxc4 20. Qxc4 Nb6 21. Qe2 Na4 22.
Ba3 Rb8 23. Ne5 Qd5 24. Qc4 Qxc4 25. Nxc4 Bf8 26. Bxf8 Kxf8 27. Re2 Rd8 28. b3 Rd1+ 29. Kh2 Nc3 30. Rc2 Ne4 31. Ne5 f6 32. Nc6 a6 33.
Nb4 Rd6 34. f3 Ng5 35. h4 Ne6 36. Rc6 Rxc6 37. Nxc6 Ke8 38. Nb4 Nc5 39. Kg3 Kd7 40. Kf4 Kd6 41. g4 a5 42. Nc2 a4 43.
bxa4 Nxa4 44. g5 Ke6 45. Ke3 fxg5 46. hxg5 Kf5 47. f4 Nc3 48. Nd4+ Kg4 49. a3 Nd5+ 50. Ke4 Nc3+ 51. Ke5 Kh5 52. Nf3 h6 53. gxh6 Kxh6 54. Kf6 Kh5 55. Ne5 Nd5+ 0-1

[Event "Late-Titled-Tuesday-Blitz-March-05-2024"]
[Site "Chess.com"]
[Date "2024.03.05"]
[Round "6"]
[White "alexrustemov"]
[Black "crazyluzhinTh3"]
[Result "1-0"]
[WhiteElo "2798"]
[BlackElo "2560"]
[TimeControl "180+1"]
[EndTime "15:06:16 PST"]
[Termination "alexrustemov won by resignation"]

1. d4 d6 2. Nf3 Bg4 3. c4 Nd7 4. Nc3 e5 5. e4 Ngf6 6. Be2 Be7 7. Be3 c6 8. O-O O-O 9. d5 c5 10. Nd2 Bxe2 11. Qxe2 g6 12. g3 a6 13. a4 h5 14.
h3 Kg7 15. f4 h4 16. g4 exf4 17. Bxf4 Nh7 18. Nf3 f6 19. Nxh4 Ne5 20. Nf3 Rh8 21. Kg2 Qd7 22. Nxe5 fxe5 23. Be3 Bg5 24. Rf3 Raf8 25.
Raf1 Qe7 26. Nd1 Rxf3 27. Rxf3 Bxe3 28. Qxe3 Ng5 29. Rg3 Nf7 30. b3 b5 31. axb5 axb5 32. cxb5 Rb8 33. Nc3 Qa7 34. Rf3 Qe7 35. Kg3 Ng5 36.
Rf2 Rh8 37. h4 Nf7 38. g5 Rg8 39. Qf3 Nxg5 40. Qg4 Nh7 41. Qe6 Re8 42. Qxe7+ Rxe7 43. Ra2 Nf6 44. b6 Kh6 45. Ra7 Re8 46. Kf3 Rb8 47.
b7 Kh5 48. Nb5 Ne8 49. Kg3 g5 50. hxg5 Kxg5 51. Kf3 Kh4 52. Ke3 Kg4 53. Kd3 Kf3 54. Kc4 Kxe4 55. Ra8 Rxb7 56. Rxe8 Rd7 57. Re6 Kf4 58. Nxd6 Rh7 59. Kxc5 Rc7+ 60. Kb6 Rc3 61. b4 Rd3 62. Kc5 Rc3+ 63. Nc4 e4 64. d6 Rd3 65. b5 Kf5 66. Re8 Kf4 67. b6 e3 68.
Rxe3 Rxe3 69. Nxe3 1-0

[Event "Late-Titled-Tuesday-Blitz-March-05-2024"]
[Site "Chess.com"]
[Date "2024.03.05"]
[Round "6"]
[White "Shtembuliak"]
[Black "rynos0411"]
[Result "1-0"]
[WhiteElo "2853"]
[BlackElo "2641"]
[TimeControl "180+1"]
[EndTime "15:06:21 PST"]
[Termination "Shtembuliak won on time"]

1. c4 Nf6 2. Nc3 d6 3. e4 g6 4. d4 Bg7 5. Nge2 O-O 6. Ng3 c5 7. d5 e6 8. Be2 exd5 9. cxd5 a6 10. a4 Qc7 11. O-O Nbd7 12. h3 Rb8 13. Bg5 c4 14.
Qd2 b5 15. axb5 axb5 16. b4 cxb3 17. Nxb5 Rxb5 18. Bxb5 Nc5 19. Bd3 Nfd7 20. Rab1 Ne5 21. Be2 Re8 22. Be3 Ned7 23. Rfc1 Qb6 24. Bd1 b2 25.
Rc2 Ba6 26. Rcxb2 Bxb2 27. Rxb2 Qc7 28. Qd4 Qd8 29. Be2 Bxe2 30. Rxe2 Qe7 31. Bf4 Rb8 32.
Kh2 Rb3 33. e5 dxe5 34. Bxe5 Rd3 35. Qa1 Nxe5 36. Rxe5 Qd8 37. Qe1 Kg7 38. Qa1 Kg8 39. Qe1 Kg7 40. Qb4 Rxd5 41. Qc3 Rxe5 42. Qxe5+ Kg8 43.
Qxc5 h5 44. Qc4 h4 45. Ne4 Qb8+ 46. g3 hxg3+ 47. Nxg3 Qb2 48. Qf4 Kg7 49. h4 Qc2 50. h5 gxh5 51. Nxh5+ Kg6 52. Ng3 f5 53. Qd6+ Kg5 54.
Qe7+ Kg4 55. Qe3 f4 56. Qd4 Qh7+ 57. Kg2 Qb7+ 58. Qe4 Qh7 59. Qxh7 1-0

[Event "Late-Titled-Tuesday-Blitz-March-05-2024"]
[Site "Chess.com"]
[Date "2024.03.05"]
[Round "6"]
[White "sergiochess83"]
[Black "OPQRC"]
[Result "1-0"]
[WhiteElo "2847"]
[BlackElo "2561"]
[TimeControl "180+1"]
[EndTime "15:06:26 PST"]
[Termination "sergiochess83 won by checkmate"]

1. c4 Nf6 2. Nc3 e5 3. Nf3 Nc6 4. e3 Bc5 5. d4 exd4 6. exd4 Bb4 7. d5 Qe7+ 8. Be2 Ne5 9. O-O O-O 10. Nb5 d6 11. Nxe5 dxe5 12. a3 Bd6 13. b4 a6 14.
Nxd6 cxd6 15. Bb2 Bf5 16. Rc1 Rfc8 17. Re1 b6 18. Bf1 Nd7 19. f4 f6 20. Qd2 a5 21.
Ra1 Qd8 22. Qf2 Bg6 23. Be2 axb4 24. axb4 Rxa1 25. Rxa1 Ra8 26. Bg4 Rxa1+ 27. Bxa1 Qa8 28. Bc3 f5 29. Be2 Qa3 30. Be1 e4 31. Qd4 Qc1 32.
Qd2 Qxd2 33. Bxd2 Kf8 34. Bc3 Bf7 35. g4 g6 36. Kf2 Ke8 37. Ke3 Kd8 38. Bg7 Kc7 39. Kd4 Nb8 40. h4 Be8 41. h5 Na6 42.
Kc3 Nb8 43. h6 Nd7 44. Kd4 Nb8 45. Bf1 Na6 46. Kc3 Nb8 47. gxf5 gxf5 48. Kd4 Bg6 49. Be2 Nd7 50. Kc3 Nb8 51. Kd4 Nd7 52. Bf1 Nb8 53. Bh3 Nd7 54. Bg2 Nb8 55. c5 bxc5+ 56. bxc5 dxc5+ 57.
Kxc5 Nd7+ 58. Kd4 Kd6 59. Bf1 Ke7 60. Bb5 Nf6 61. Kc5 Nd7+ 62. Kc6 Nf6 63. d6+ Ke6 64. Bc4+ Nd5 65. Bxd5# 1-0

[Event "Late-Titled-Tuesday-Blitz-March-05-2024"]
[Site "Chess.com"]
[Date "2024.03.05"]
[Round "6"]
[White "Azerichess"]
[Black "MagnusCarlsen"]
[Result "1/2-1/2"]
[WhiteElo "3062"]
[BlackElo "3255"]
[TimeControl "180+1"]
[EndTime "15:06:28 PST"]
[Termination "Game drawn - insufficient material"]

1. d4 g6 2. e4 Bg7 3. Nf3 d6 4. Bc4 Nc6 5. O-O Nf6 6. d5 Nb8 7. Re1 O-O 8. h3 c6 9. Bf1 a5 10. c4 Na6 11. Nc3 Nc5 12. Bf4 Re8 13. Qd2 a4 14.
Rad1 Qa5 15. Bh6 Bxh6 16. Qxh6 a3 17. e5 dxe5 18. dxc6 axb2 19. Qd2 e4 20. Nd4 e5 21. cxb7 Bxb7 22. Nb3 Qa3 23. Nxc5 Qxc5 24. Qxb2 Bc6 25. Qd2 Re6 26. Qe3 Qxe3 27. Rxe3 Kg7 28. g4 h6 29. Bg2 Ra3 30. Nxe4 Rxe3 31. Nc5 Re7 32. fxe3 Bxg2 33. Kxg2 Rc7 34. Nd3 e4 35. Ne5 Rc5 36. Nd7 Rxc4 37. Nxf6 Kxf6 38. Rd4 Rc2+ 39. Kg3 Ke5 40. Rd7 Re2 41.
Re7+ Kd5 42. Rxf7 Rxe3+ 43. Kg2 Ra3 44. Rf6 Rxa2+ 45. Kg3 Ra3+ 46. Kg2 g5 47. Rxh6 Kd4 48. Rf6 Ra2+ 49. Kg3 e3 50. Re6 Ra1 51. h4 Rg1+ 52.
Kf3 Rf1+ 53. Kg3 gxh4+ 54. Kxh4 Kd3 55. g5 e2 56. Kh5 e1=Q 57. Rxe1 Rxe1 58. Kg6 Ke4 59.
Kf6 Kd5 60. g6 Rf1+ 61. Ke7 Rg1 62. Kf7 Rf1+ 63. Ke7 Ke5 64. g7 Rg1 65. Kf7 Rxg7+ 66.
Kxg7 1/2-1/2